 Dungeon Crawl Stone Soup version 0.30.1-11-g7821555f0a (webtiles) character file.

Game seed: 17501387508115327339

6 CougarLife the Caller (level 1, 13/13 HPs)
             Began as a Merfolk Summoner on Jan 8, 2024.
             Quit the game on level 1 of the Dungeon.
             The game lasted 00:01:39 (142 turns).

CougarLife the Caller (Merfolk Summoner)             Turns: 142, Time: 00:01:39

Health: 13/13      AC:  2    Str:  8    XL:     1   Next: 90%
Magic:  3/3        EV: 12    Int: 14    God:
Gold:   0          SH:  0    Dex: 14    Spells: 3/4 levels left

rFire   . . .        (no weapon)
rCold   . . .        (no shield)
rNeg    . . .        a - +0 robe
rPois   .            (no helmet)
rElec   .            (no cloak)
rCorr   .            (no gloves)
SInv    .            (no boots)
Will    .....        (no amulet)
Stlth   ++           (no ring)
HPRegen 0.22/turn    (no ring)
MPRegen 0.08/turn

%: no passive effects
@: no status effects
A: (nimble swimmer 2), mertail
a: no special abilities


You were on level 1 of the Dungeon.
You visited 1 branch of the dungeon, and saw 1 of its levels.

Inventory:

Armour
 a - a +0 robe (worn)
Scrolls
 c - a scroll of identify {unknown}
Potions
 b - a potion of magic
 d - a potion of curing {unknown}


   Skills:
 - Level 2.6 Dodging
 - Level 2.1 Stealth
 + Level 2.2 Spellcasting
 + Level 4.1 Summonings


You had 3 spell levels left.
You knew the following spells:

 Your Spells              Type           Power      Damage    Failure   Level
a - Summon Small Mammal   Summ           52%        N/A       4%          1

Your spell library contained the following spells:

 Spells                   Type           Power      Damage    Failure   Level
 Call Imp                 Summ           26%        N/A       6%          2
 Call Canine Familiar     Summ           13%        N/A       13%         3
 Summon Guardian Golem    Hex/Summ       7%         N/A       30%         3
 Summon Lightning Spire   Summ/Air       7%         N/A       69%         4


Dungeon Overview and Level Annotations

Branches:
Dungeon (1/15)

Altars:


Innate Abilities, Weirdness & Mutations

((You are very nimble when in or above water. (Stealth+, EV+, Speed+++)))
Your lower body shifts to a powerful aquatic tail in water.


Message History

You hit the ball python.
The ball python is severely wounded.
The ball python barely misses you. The ball python constricts you.
Your quokka bites the ball python.
The ball python dies!
No target in view!
No target in view!
Unknown command.
HP restored.
A ball python comes into view.
You see here a scroll labelled LIASIOCOKU.
A ball python is nearby!
Casting: Summon Small Mammal (safe; 4% risk of failure)
Confirm with . or Enter, or press ? or * to list all spells.
Your quokka disappears in a puff of smoke!
What are your orders? t - Shout!
Orders for allies: a - Attack new target. r - Retreat! s - Stop attacking. g - Guard the area. f - Follow me.
Anything else - Cancel.
Gang up on whom?
Press: ? - help, Dir - move target, f - ball python
Aim: a ball python (asleep, ally target) Attack!
The ball python hisses angrily.
Your quokka barely misses the ball python.
The ball python closely misses your quokka.
The ball python barely misses your quokka.
Your quokka misses the ball python. The ball python misses your quokka.
The ball python closely misses your quokka.
Your quokka bites the ball python.
The ball python dies!
You start resting.
Magic restored.
c - a scroll labelled LIASIOCOKU
Found a spear.
Your quokka disappears in a puff of smoke!
d - an amethyst potion Are you sure you want to abandon this character and quit the game? (Confirm with "yes".)

###### ......
......# ####
.......#...
#.....# #...@.#
#.....# #.....#
####.....#
........>######.#
##.........†.....
..$......######.#
##.......#
#.......#


There were no monsters in sight!

Vanquished Creatures
  A bat (D:1)
1 creature vanquished.

Vanquished Creatures (collateral kills)
  4 ball pythons (D:1)
  A bat (D:1)
5 creatures vanquished.

Grand Total: 6 creatures vanquished

Notes
Turn   | Place    | Note
-------+----------+-------------------------------------------
     0 | D:1      | CougarLife the Merfolk Summoner began the quest for the
                  | Orb.
     0 | D:1      | Reached XP level 1. HP: 13/13 MP: 3/3
   142 | D:1      | Quit the game

Illustrated notes

Levels and vault maps discovered:
D:1:      reono_arrival_forest_river, layout_basic, basic_ecumenical_altar

Action                     || total
---------------------------++-------
  Melee: Unarmed           ||    11
         Tailslap          ||     1
   Cast: Summon Small Mamm ||     4
 Armour: Robe              ||     6
  Dodge: Dodged            ||    13
